 Dungeon Crawl Stone Soup version 0.31-a0-968-g24f9ace8b5 (webtiles) character file.

Game seed: 12210292304185745701

11128 Xavori the Nimble (level 12, -9/87 HPs)
             Began as a Djinni Chaos Knight on Oct 27, 2023.
             Was a Plaything of Xom.
             Mangled by a meliai
             ... wielding a +0 hand axe
              (14 damage)
             ... on level 11 of the Dungeon.
             The game lasted 00:18:51 (17464 turns).

Xavori the Nimble (Djinni Chaos Knight)            Turns: 17464, Time: 00:18:52

Health: -9/87      AC:  6    Str: 11    XL:     12   Next: 3%
Gold:   837        EV: 19    Int: 17    God:    Xom [...*..] SH:  0 Dex: 24

rFire   + + +        D - +6 triple sword of Transparent Judgement {vamp, rN+ Str+2 Dex+3}
rCold   x . .        (shield currently unavailable)
rNeg    + + .        b - +2 leather armour
rPois   ∞            (helmet restricted)
rElec   .            (no cloak)
rCorr   .            (no gloves)
SInv    .            (boots unavailable)
Will    +....        (no amulet)
Stlth   ++           o - ring of wizardry
HPRegen 0.34/turn    x - ring of positive energy
MPRegen 0.00/turn

%: wizardry (x1), infuse magic (-10 HP)
@: flying
A: sickness immunity, fire resistance 3, cold vulnerability 1, float, innate
caster, HP casting, extra vitality 1, horns 1, agile 1, clever 1, wild magic 2,
sturdy frame 1
a: Renounce Religion


You were on level 11 of the Dungeon.
You worshipped Xom.
You were a favourite toy of Xom.
You visited 1 branch of the dungeon, and saw 11 of its levels.
You also visited: Sewer and Ossuary.

You collected 1011 gold pieces.
You spent 174 gold pieces at shops.

Inventory:

Hand Weapons
 v - a +4 long sword
 D - the +6 triple sword of Transparent Judgement (weapon) {vamp, rN+ Str+2 Dex+3}
   (You acquired it on level 10 of the Dungeon)

   Str+2:     It affects your strength (+2).
   Dex+3:     It affects your dexterity (+3).
   rN+:       It protects you from negative energy.
Armour
 b - a +2 leather armour (worn)
Jewellery
 m - an amulet of reflection
 o - a ring of wizardry (left hand)
 w - a ring of protection from fire
 x - a ring of positive energy (right hand)
 z - a ring of protection from fire
 G - an amulet of regeneration
Wands
 h - a wand of paralysis (1)
 y - a wand of roots (7)
Scrolls
 c - a scroll of butterflies
 d - a scroll of identify
 i - 3 scrolls of immolation
 n - a scroll of fog
 p - 2 scrolls of fear
 q - 3 scrolls of poison
 r - 5 scrolls of vulnerability
 s - 3 scrolls of teleportation
 u - 2 scrolls of revelation
 A - a scroll of enchant armour
 B - a scroll of brand weapon
 C - a scroll of summoning
Potions
 a - a potion of lignification {unknown}
 e - 4 potions of invisibility {unknown}
 f - 4 potions of mutation
 g - a potion of resistance {unknown}
 j - 2 potions of attraction
 k - 2 potions of enlightenment
 l - 12 potions of curing
 t - 2 potions of might
 E - 2 potions of brilliance {unknown}
 F - 5 potions of magic {unknown}


   Skills:
 + Level 8.2 Fighting
 * Level 7.8 Long Blades
 + Level 7.7 Armour
 + Level 8.7 Dodging
 * Level 7.0 Spellcasting
 * Level 7.0 Conjurations
 * Level 7.0 Hexes
   Level 0.0 Charms
 * Level 7.0 Summonings
 * Level 7.0 Necromancy
 * Level 7.0 Translocations
 * Level 7.0 Transmutations
 * Level 7.0 Fire Magic
 * Level 7.0 Ice Magic
 * Level 7.0 Air Magic
 * Level 7.0 Earth Magic
 * Level 7.0 Poison Magic
 + Level 2.6 Evocations


You knew the following spells:

 Your Spells              Type           Power      Damage    Failure   Level
a - Summon Small Mammal   Summ           100%       N/A       1%          1
b - Static Discharge      Conj/Air       94%        3-7/arc   1%          2
c - Gell's Gravitas       Tloc           47%        N/A       2%          3
d - Teleport Other        Tloc           47%        N/A       2%          3
e - Summon Lightning Spi  Summ/Air       47%        N/A       6%          4
Your spell library was empty.

Dungeon Overview and Level Annotations

Branches:
Dungeon (11/15)            Temple (0/1) D:6            Lair (0/5) D:11
    Orc (0/2) D:11          Sewer (visited)         Ossuary (visited)

Altars:
Cheibriados
Fedhas
Gozag
Makhleb
Nemelex Xobeh
Trog
Uskayaw
Wu Jian

Shops:
D:4 (*=   D:5 !(*   D:6 *


Innate Abilities, Weirdness & Mutations

You are immune to sickness and miasma.
You are immune to poison.
Your flesh is almost immune to the effects of heat. (rF+++)
You are vulnerable to cold. (rC-)
You float through the air rather than walking.
You learn spells naturally, not from books.
Your magical power is your life essence.
You have superior vitality. (+4 MHP)
You have a pair of small horns on your head.
You are agile. (Dex +4, Str/Int -1)
Your mind is acute. (Int +4, Str/Dex -1)
Your spells are harder to cast, but more powerful.
Your movements are slightly less encumbered by armour. (ER -2)


Message History

You reach down and open the door. 3 meliai come into view.
There are monsters nearby!
There are monsters nearby!
There are monsters nearby!
The meliai buzzes angrily. x2
The meliai invokes the aid of its god against you.
Something smites you!
The meliai calls down the wrath of its god upon you.
Something smites you!
The meliai calls down the wrath of its god upon you.
Something smites you!
There is an open door here.
You reach down and close the door.
A meliai opens the door.
You slash the meliai! Your headbutt misses the meliai.
The meliai is moderately wounded.
The meliai closely misses you.
The meliai stings you but does no damage.
The meliai closely misses you. x2
You hit the meliai.
You feel better.
The meliai is lightly wounded.
The meliai misses you. The meliai stings you. The meliai barely misses you.
The meliai stings you but does no damage.
The meliai hits you with a +0 hand axe. The meliai barely misses you.
The meliai hits you with a +0 war axe! The meliai closely misses you.
The meliai hits you with a +0 hand axe!
* * * LOW HITPOINT WARNING * * *
The meliai stings you!
* * * LOW HITPOINT WARNING * * *
You barely miss the meliai. Your headbutt misses the meliai.
The meliai is moderately wounded.
The meliai misses you. The meliai stings you.
* * * LOW HITPOINT WARNING * * *
The meliai hits you with a +0 hand axe.
* * * LOW HITPOINT WARNING * * *
The meliai completely misses you.
The meliai calls upon its god to heal the meliai.
The meliai's wounds heal themselves!
The meliai hits you with a +0 hand axe!
You die...
Xom titters!

####### #...y.. #......
#...... ######### +......
#.......#
#......####..^....#######
#.....yy@##.......#....(.
#......#y.'.......'.#####
#......####.......###
#...... ######'## ##+####
#.## ## #..# #> ##.# ##
#.# # ######.##


You could see 3 meliai.

Vanquished Creatures
  A cyclops (D:11)
  A manticore (D:10)
  A gargoyle (D:11)
  An unseen horror (D:10)
  A komodo dragon (D:11)
  A hornet (D:9)
  A wyvern (D:7)
  2 wraiths
  9 yaks
  A human (D:5)
  2 water moccasins
  Duvessa (D:5)
  5 orc warriors
  A sky beast (D:6)
  3 black bears
  3 centaurs
  A wolf (Sewer)
  An ogre (D:5)
  4 kobold brigands
  A bullfrog (D:7)
  A gnoll sergeant (D:9)
  2 scorpions
  2 wights (D:7)
  Dowan (D:5)
  9 killer bees
  An electric eel (D:9)
  4 crimson imps (D:10)
  4 jellies
  8 centaur zombies (Ossuary)
  2 hounds (D:5)
  4 orc priests
  9 bullfrog zombies (Ossuary)
  2 iguanas
  2 sleepcaps (D:6)
  7 orc wizards
  2 killer bee zombies (Ossuary)
  11 mummies (Ossuary)
  4 gnolls
  14 adders
  2 river rats (Sewer)
  A shadow imp (D:8)
  3 white imps
  2 ufetubi
  5 worms
  2 dart slugs
  28 orcs
  16 ball pythons
  13 endoplasms
  4 giant cockroaches
  4 hobgoblins
  4 jackals (D:3)
  3 quokkas
  8 bats
  5 frilled lizards
  7 goblins
  16 kobolds
  9 rats
262 creatures vanquished.

Vanquished Creatures (collateral kills)
  A two-headed ogre (D:9)
  A cyclops (D:11)
  A troll (D:9)
  A wyvern (D:9)
  6 yaks
  A steam dragon (D:10)
  2 orc warriors
  4 kobold brigands
  3 wights (D:7)
  2 electric eels (D:9)
  An adder (Sewer)
  A worm (Sewer)
  7 orcs
  A ball python (Sewer)
  9 kobolds
  3 rats (Sewer)
44 creatures vanquished.

Vanquished Creatures (others)
  A kobold brigand (Sewer)
  A giant cockroach zombie (D:4)
2 creatures vanquished.

Grand Total: 308 creatures vanquished

Notes
Turn   | Place    | Note
-------+----------+-------------------------------------------
     0 | D:1      | Xavori the Djinni Chaos Knight began the quest for the Orb.
     0 | D:1      | Reached XP level 1. HP: 20/20 MP: 0/0
     5 | D:1      | XOM: silly message
     7 | D:1      | XOM: silly message
    65 | D:1      | Found a faded altar of an unknown god.
    90 | D:1      | Reached XP level 2. HP: 25/25 MP: 0/0
   136 | D:1      | XOM: divination: detect items
   205 | D:1      | Reached XP level 3. HP: 27/30 MP: 0/0
   205 | D:1      | Learned a level 1 spell: Summon Small Mammal
   259 | D:1      | XOM: enchant monster (bad)
   319 | D:1      | You are sucked into a shaft and drop 1 floor!
   589 | D:1      | XOM: give mutations
   589 | D:1      | Gained mutation: You are strong-willed. (Will+) [Xom's
                  | mischief]
   956 | D:1      | XOM: summons 2 hostile demons
  1009 | D:2      | XOM: give mutations
  1009 | D:2      | Gained mutation: Your mind is acute. (Int +4, Str/Dex -1)
                  | [Xom's mischief]
  1009 | D:2      | Gained mutation: Your spells are a little easier to cast,
                  | but a little less powerful. [Xom's mischief]
  1202 | D:1      | XOM: silly message
  1278 | D:1      | XOM: silly message
  1455 | D:1      | XOM: give mutations
  1455 | D:1      | Gained mutation: You have a pair of small horns on your
                  | head. [Xom's grace]
  1455 | D:1      | Gained mutation: Your flesh is almost immune to the effects
                  | of heat. (rF+++) [Xom's grace]
  3041 | D:1      | XOM: stat loss: -1 Dex (12/13)
  3118 | D:1      | XOM: divination: detect creatures
  3224 | D:1      | XOM: give mutations
  3224 | D:1      | Lost mutation: Your spells are a little easier to cast, but
                  | a little less powerful. [Xom's grace]
  3224 | D:1      | Gained mutation: Your movements are slightly less
                  | encumbered by armour. (ER -2) [Xom's grace]
  3224 | D:1      | Gained mutation: You expend health (3 HP) to strengthen
                  | your wands. [Xom's grace]
  3584 | D:1      | XOM: cloud trail
  3714 | D:1      | XOM: scenery: summon butterflies
  4042 | D:2      | XOM: 3-stop teleportation journey
  4064 | D:2      | Reached skill level 1 in Spellcasting
  4064 | D:2      | Reached skill level 1 in Conjurations
  4064 | D:2      | Reached skill level 1 in Hexes
  4064 | D:2      | Reached skill level 1 in Summonings
  4064 | D:2      | Reached skill level 1 in Necromancy
  4064 | D:2      | Reached skill level 1 in Translocations
  4064 | D:2      | Reached skill level 1 in Transmutations
  4064 | D:2      | Reached skill level 1 in Fire Magic
  4064 | D:2      | Reached skill level 1 in Ice Magic
  4064 | D:2      | Reached skill level 1 in Air Magic
  4064 | D:2      | Reached skill level 1 in Earth Magic
  4064 | D:2      | Reached skill level 1 in Poison Magic
  4070 | D:2      | Reached XP level 4. HP: 17/35 MP: 0/0
  4474 | D:2      | XOM: summons 2 hostile demons
  4588 | D:3      | XOM: silly message
  4685 | D:3      | Reached XP level 5. HP: 28/40 MP: 0/0
  4685 | D:3      | Learned a level 2 spell: Static Discharge
  4902 | D:3      | XOM: noise
  4905 | D:3      | XOM: silly message
  4908 | D:3      | XOM: confuse monster(s)
  5045 | D:3      | Reached XP level 6. HP: 43/47 MP: 0/0
  5070 | D:3      | XOM: 3-stop teleportation journey
  5293 | D:4      | Found Maoprustro's Antique Weapon Emporium.
  5642 | D:4      | Found Muuhat's General Store.
  5657 | D:4      | Bought a potion of curing for 42 gold pieces
  5657 | D:4      | Bought a scroll of teleportation for 42 gold pieces
  5667 | D:4      | XOM: smoke on damage
  5683 | D:4      | Reached XP level 7. HP: 46/52 MP: 0/0
  5683 | D:4      | Learned a level 3 spell: Gell's Gravitas
  5830 | D:4      | Found a glowing drain.
  5834 | Sewer    | Entered a sewer
  6111 | Sewer    | XOM: noise
  6158 | Sewer    | XOM: summons friendly white imp
  6895 | D:4      | XOM: butterfly on damage
  6901 | D:4      | XOM: confuse monster(s)
  6904 | D:4      | XOM: confuse monster(s)
  7293 | D:4      | Reached XP level 8. HP: 39/58 MP: 0/0
  7321 | D:4      | XOM: give mutations
  7321 | D:4      | Gained mutation: Your spells are a little harder to cast,
                  | but a little more powerful. [Xom's grace]
  7321 | D:4      | Gained mutation: Your spells are harder to cast, but more
                  | powerful. [Xom's grace]
  7437 | D:4      | XOM: silly message
  7440 | D:4      | Found Enuboy's Jewellery Shop.
  7506 | D:4      | XOM: divination: detect items
  7608 | D:4      | XOM: give mutations
  7608 | D:4      | Lost mutation: You are strong-willed. (Will+) [Xom's
                  | mischief]
  7608 | D:4      | Gained mutation: You are clumsy. (Dex -2) [Xom's mischief]
  7641 | D:4      | XOM: stat loss: -1 Dex (11/12)
  7675 | D:5      | Entered Level 5 of the Dungeon
  7765 | D:5      | Found an ornate altar of the Wu Jian Council.
  7765 | D:5      | XOM: 5-stop teleportation journey
  7810 | D:5      | XOM: silly message
  7889 | D:5      | Found Qafashuv's General Store.
  7895 | D:5      | Noticed Duvessa
  7897 | D:5      | XOM: smoke on damage
  8024 | D:5      | Noticed Dowan
  8063 | D:5      | Killed Duvessa
  8065 | D:5      | XOM: cleaving
  8066 | D:5      | XOM: divination: detect creatures
  8069 | D:5      | Killed Dowan
  8362 | D:5      | XOM: cloud trail
  8447 | D:5      | Reached skill level 5 in Fighting
  8838 | D:5      | Found Moymm's Weapon Shoppe.
  8883 | D:5      | a kobold brigand changed into a human
  8883 | D:5      | Noticed a human
  8883 | D:5      | XOM: polymorph kobold brigand -> human
  8906 | D:5      | Reached skill level 5 in Dodging
  8912 | D:5      | XOM: summons friendly crimson imp
  8913 | D:5      | Killed a human
  8921 | D:5      | XOM: divination: magic mapping
  8925 | D:5      | Reached XP level 9. HP: 23/65 MP: 0/0
  8925 | D:5      | Learned a level 3 spell: Teleport Other
  8958 | D:5      | Reached skill level 5 in Long Blades
  9112 | D:5      | XOM: enchant monster (good)
  9117 | D:5      | XOM: enchant monster (good)
  9175 | D:5      | XOM: divination: detect creatures
  9220 | D:5      | Found Quru's Distillery.
  9224 | D:5      | Bought a potion of heal wounds for 50 gold pieces
  9318 | D:6      | Found a staircase to the Ecumenical Temple.
  9443 | D:6      | Found a burning altar of Makhleb.
  9533 | D:6      | Found Udghiriock's Serpentskin Sales.
  9534 | D:6      | XOM: confuse monster(s)
  9720 | D:6      | Reached skill level 5 in Armour
  9740 | D:6      | XOM: cleaving
  9746 | D:6      | XOM: smoke on damage
 10113 | D:7      | Found a sand-covered staircase.
 10118 | Ossuary  | Entered an ossuary
 10273 | Ossuary  | XOM: 4-stop teleportation journey
 10286 | Ossuary  | Reached XP level 10. HP: 39/72 MP: 0/0
 10651 | Ossuary  | Reached skill level 5 in Spellcasting
 10651 | Ossuary  | Reached skill level 5 in Conjurations
 10651 | Ossuary  | Reached skill level 5 in Hexes
 10651 | Ossuary  | Reached skill level 5 in Summonings
 10651 | Ossuary  | Reached skill level 5 in Necromancy
 10651 | Ossuary  | Reached skill level 5 in Translocations
 10651 | Ossuary  | Reached skill level 5 in Transmutations
 10651 | Ossuary  | Reached skill level 5 in Fire Magic
 10651 | Ossuary  | Reached skill level 5 in Ice Magic
 10651 | Ossuary  | Reached skill level 5 in Air Magic
 10651 | Ossuary  | Reached skill level 5 in Earth Magic
 10651 | Ossuary  | Reached skill level 5 in Poison Magic
 10760 | Ossuary  | XOM: scenery: 9 doors close
 11054 | D:7      | XOM: scenery: summon butterflies
 11402 | D:5      | Bought a potion of might for 40 gold pieces
 11574 | D:7      | Found an opulent altar of Gozag.
 11575 | D:7      | Found a bloodstained altar of Trog.
 11576 | D:7      | Found a hide-covered altar of Uskayaw.
 11577 | D:7      | Found a blossoming altar of Fedhas.
 11578 | D:7      | Found a sparkling altar of Nemelex Xobeh.
 11634 | D:7      | XOM: 4-stop teleportation journey
 11915 | D:8      | XOM: summons friendly crimson imp
 12143 | D:8      | XOM: cloud trail
 12351 | D:8      | XOM: scenery: 1 doors open, 2 doors close
 12733 | D:9      | Noticed a two-headed ogre
 12854 | D:8      | XOM: scenery: 2 doors open, 3 doors close
 13144 | D:8      | XOM: stat loss: -1 Int (17/18)
 13402 | D:8      | XOM: summons 1 hostile shadow creature
 13406 | D:9      | XOM: butterfly on damage
 13413 | D:9      | XOM: 1-stop teleportation journey
 13415 | D:9      | XOM: god gift: quarterstaff {god gift}
 13426 | D:9      | Lost mutation: You are clumsy. (Dex -2) [potion of
                  | mutation]
 13426 | D:9      | Lost mutation: You expend health (3 HP) to strengthen your
                  | wands. [potion of mutation]
 13426 | D:9      | Gained mutation: You are agile. (Dex +4, Str/Int -1)
                  | [potion of mutation]
 13488 | D:8      | XOM: torment (10/75 hp)
 13696 | D:9      | XOM: god gift: scroll labelled APTACOCUST {god gift}
 13718 | D:9      | XOM: enchant monster (bad)
 14068 | D:9      | XOM: god gift: 29 gold pieces
 14177 | D:9      | Killed a two-headed ogre
 14178 | D:9      | Reached XP level 11. HP: 37/79 MP: 0/0
 14178 | D:9      | Learned a level 4 spell: Summon Lightning Spire
 14574 | D:9      | XOM: repel stairs
 15379 | D:10     | Entered Level 10 of the Dungeon
 15395 | D:10     | Found a snail-covered altar of Cheibriados.
 15410 | D:10     | Noticed Snorg
 15429 | D:10     | XOM: chaos cloud
 15441 | D:10     | Snorg changed into Snorg the manticore
 15441 | D:10     | Noticed Snorg
 15441 | D:10     | XOM: polymorph Snorg -> Snorg the manticore
 15732 | D:10     | Killed Snorg the manticore
 15948 | D:10     | XOM: cleaving
 15959 | D:10     | Reached skill level 1 in Evocations
 16058 | D:10     | XOM: fog
 16178 | D:10     | XOM: 1-stop teleportation journey
 16193 | D:10     | XOM: draining
 16467 | D:10     | XOM: enchant monster (bad)
 16471 | D:10     | XOM: noise
 16473 | D:10     | XOM: confusion (+ monsters)
 16475 | D:10     | XOM: summons 1 hostile shadow creature
 16490 | D:10     | Identified a scroll of acquirement
 16491 | D:10     | Identified the of Duopikh (You acquired it on level 10 of
                  | the Dungeon)
 16491 | D:10     | Acquired the +6 triple sword of Transparent Judgement
                  | {vamp, rN+ Str+2 Dex+3}
 16735 | D:10     | XOM: summons 1 hostile demon
 16907 | D:10     | XOM: god gift: plate armour {god gift}
 17051 | D:11     | Noticed a cyclops
 17058 | D:11     | Killed a cyclops
 17075 | D:11     | Found a staircase to the Orcish Mines.
 17084 | D:11     | XOM: 2-stop teleportation journey
 17224 | D:11     | XOM: god gift: scroll of vulnerability
 17409 | D:11     | Found a staircase to the Lair.
 17421 | D:11     | Noticed a cyclops
 17427 | D:11     | Killed a cyclops
 17428 | D:11     | Reached XP level 12. HP: 87/87 MP: 0/0
 17464 | D:11     | Mangled by a meliai

Illustrated notes

Levels and vault maps discovered:
D:1:      scummos_arrival_checkerplants, layout_rooms, basic_ecumenical_altar,
          st_stairs_11
D:2:      layout_loops_ring
D:3:      layout_basic, serial_bayou_lagoon_a
D:4:      layout_basic, gup_sewer_entry_spiral, serial_shops,
          nicolae_shop_rolling_square, nicolae_shop_pleasant_corner_grove,
          nicolae_shop_window_shopping
D:5:      cheibrodos_fertilizer, layout_loops_corners,
          nzn_wu_jian_contemplation, kennysheep_mini, serial_shops, shop,
          nicolae_shop_pleasant_corner_grove, shop_fountains, uniq_duvessa
D:6:      layout_rooms, lemuel_doored_altar, minmay_temple_entry_sparse_star,
          guppyfry_shop_venom
D:7:      layout_loops_corners, grunt_temple_overflow_open, enter_ossuary_5
D:8:      layout_basic
D:9:      layout_gridville, serial_bayou, serial_bayou_pond_e,
          serial_bayou_pond_a, serial_bayou_ford_a, serial_bayou_pond_b,
          serial_bayou_pond_b
D:10:     layout_gridville, mainiacjoe_overflow_surrounded_room,
          minmay_nine_imps, uniq_snorg
D:11:     layout_roguey, lair_entry_dummy, orc_david_3

Skill      XL: |  1  2  3  4  5  6  7  8  9 10 11 |
---------------+----------------------------------+-----
Long Blades    | 3 4 5 6 7 |  7.8
Spellcasting   | 1 2 3 4 5 7 |  7.0
Conjurations   | 1 2 3 4 5 7 |  7.0
Hexes          | 1 2 3 4 5 7 |  7.0
Summonings     | 1 2 3 4 5 7 |  7.0
Necromancy     | 1 2 3 4 5 7 |  7.0
Translocations | 1 2 3 4 5 7 |  7.0
Transmutations | 1 2 3 4 5 7 |  7.0
Fire Magic     | 1 2 3 4 5 7 |  7.0
Ice Magic      | 1 2 3 4 5 7 |  7.0
Air Magic      | 1 2 3 4 5 7 |  7.0
Earth Magic    | 1 2 3 4 5 7 |  7.0
Poison Magic   | 1 2 3 4 5 7 |  7.0
Armour         | 2 3 4 5 6 7 |  7.7
Dodging        | 3 4 5 6 7 8 |  8.7
Fighting       | 4 5 6 7 8 |  8.2
Evocations     | 2 |  2.6

Action                     |  1- 3 |  4- 6 |  7- 9 | 10-12 || total
---------------------------+-------+-------+-------+-------++-------
  Melee: Falchion          |   104 |   148 |   345 |       ||   597
         Headbutt          |     6 |    22 |   100 |   100 ||   228
         Punch             |     1 |     1 |     6 |     6 ||    14
         Long sword        |       |       |    69 |   379 ||   448
         Triple sword      |       |       |       |    55 ||    55
   Cast: Static Discharge  |       |     6 |     2 |     1 ||     9
         Gell's Gravitas   |       |       |     3 |     1 ||     4
         Summon Small Mamm |       |       |     1 |     1 ||     2
         Teleport Other    |       |       |     1 |     4 ||     5
         Summon Lightning  |       |       |       |     6 ||     6
  Evoke: Wand              |       |       |       |     4 ||     4
    Use: Scroll            |       |     2 |     7 |    10 ||    19
         Potion            |       |       |       |     7 ||     7
   Stab: Confused          |       |     3 |     1 |       ||     4
         Petrified         |       |       |    12 |       ||    12
         Paralysed         |       |       |       |     8 ||     8
         Distracted        |       |       |       |     4 ||     4
 Armour: Leather armour    |    81 |    90 |   270 |   325 ||   766
  Dodge: Dodged            |    74 |    92 |   242 |   428 ||   836
  Block: Other             |       |    28 |   103 |   142 ||   273
         Reflection        |       |       |     7 |     2 ||     9

Table legend: (Time is in decaauts)
 A = Elapsed time spent in this place.
 B = Non-inter-level travel time spent in this place.
 C = Inter-level travel time spent in this place.
 D = Time resting spent in this place.
 E = Time spent auto-exploring this place.
 F = Levels seen in this place.
 G = Mean time per level.
                   A        B        C        D        E       F      G
               +--------+--------+--------+--------+--------+-----+--------+
         Total |  17589 |  17067 |    522 |   6308 |   7921 |  13 | 1353.0 |
       Dungeon |  15905 |  15383 |    522 |   6203 |   6807 |  11 | 1445.9 |
         Sewer |    940 |    940 |      0 |    105 |    613 |   1 |  940.0 |
       Ossuary |    742 |    742 |      0 |      0 |    501 |   1 |  742.0 |
               +--------+--------+--------+--------+--------+-----+--------+

Top non-repeatable levels by time:
     D:1: 3676 daAuts
     D:8: 2089 daAuts
     D:9: 1776 daAuts
     D:5: 1601 daAuts
    D:10: 1402 daAuts
     D:4: 1304 daAuts
     D:3: 1107 daAuts
     D:7: 948 daAuts
   Sewer: 940 daAuts
     D:2: 825 daAuts
 Ossuary: 742 daAuts
     D:6: 735 daAuts
    D:11: 437 daAuts
